AoeStats
← 牛欢喜

African Clearing

505252336Analyzed
4v4 RM · 23d ago on Sep 8, 2026· 26m 59s· 8 players
Game mode
Random Map
Map size
Large (8 player)
Population
200
Speed
Normal
Resources
Standard
Victory
Conquest
Starting age
Dark Age
Ending age
Imperial Age
RankedLock teamsTeams togetherTeam positionsShared explorationLock speedFull tech treeHidden civsTurbo modeCheats
Victory
Defeat
🇨🇳 Persians · China
1592
+10
🇨🇳 Franks · China
1568
+11
🇹🇷 Mongols · Türkiye
1548
+12
🇨🇳 Huns · China
1532
+13
🇨🇳 Berbers · China
1504
-13
🇨🇳 Khitans · China
1502
-13
🇨🇳 Magyars · China
1481
-12
🇨🇳 Huns · China
1367
-8
牛欢喜
3:49 Loom
14:11 Feudal Age
17:42 Castle Age
17:04 Scale Barding Armor
17:10 Bloodlines
18:45 Husbandry
24:52 Forging
26:02 Horse Collar
27:07 Chain Barding Armor
十大地方
10:18 Loom
12:39 Feudal Age
13:31 Double-Bit Axe
16:55 Castle Age
17:41 Bow Saw
20:22 Horse Collar
20:53 Scale Barding Armor
21:20 Gold Mining
24:18 Husbandry
咸酸菜
8:15 Loom
11:21 Feudal Age
12:04 Double-Bit Axe
15:10 Forging
15:56 Scale Barding Armor
24:38 Castle Age
24:55 Light Cavalry
25:57 Chain Barding Armor
26:16 Husbandry
Çıkmaz Sokak
6:48 Loom
9:59 Feudal Age
15:25 Double-Bit Axe
24:38 Fishing Lines
26:24 Wheelbarrow
世一上、
8:19 Loom
13:10 Feudal Age
20:09 Castle Age
25:58 Double-Bit Axe
27:04 Horse Collar
2468899547
9:13 Loom
12:28 Feudal Age
14:25 Horse Collar
23:01 Scale Barding Armor
Mick...
2:55 Loom
14:56 Feudal Age
18:34 Castle Age
16:33 Double-Bit Axe
18:06 Fletching
25:46 Bodkin Arrow
江哥
9:59 Loom
12:20 Feudal Age
13:29 Double-Bit Axe
15:45 Forging
18:31 Scale Barding Armor
24:19 Castle Age
24:31 Light Cavalry
25:27 Husbandry
Connection lost

Rejoining the realm…

Still unreachable

The connection could not be restored.

Session expired

The server has moved on; the page needs a fresh start.